 Dungeon Crawl Stone Soup version 0.32-a0-450-g080537f31e (webtiles) character file.

Game seed: 14597449827412897375

13 anacleto the Chiller (level 2, -1/1 HPs)
             Began as a Deep Elf Ice Elementalist on Feb 23, 2024.
             Slain by an endoplasm (2 damage)
             ... on level 1 of the Dungeon.
             The game lasted 00:02:12 (761 turns).

anacleto the Chiller (Deep Elf Ice Elementalist)     Turns: 761, Time: 00:02:13

Health: -1/1       AC:  2    Str: 10    XL:     2   Next: 24%
Magic:  8/8        EV: 10    Int: 19    God:
Gold:   30         SH:  0    Dex: 15    Spells: 6/7 levels left

rFire   . . .        (weapon currently unavailable)
rCold   . . .        (shield currently unavailable)
rNeg    . . .        a - melded +0 robe
rPois   +            (helmet currently unavailable)
rElec   .            (cloak currently unavailable)
rCorr   .            (gloves currently unavailable)
SInv    .            (boots currently unavailable)
Will    .....        (no amulet)
Stlth   ++           (no ring)
HPRegen 0.20/turn    (no ring)
MPRegen 0.11/turn

%: no passive effects
@: snake-form
A: constrict, reduced hp, large
a: Begin Untransformation


You were on level 1 of the Dungeon.
You were an enormous serpent.
You visited 1 branch of the dungeon, and saw 1 of its levels.

You collected 30 gold pieces.

Inventory:

Armour
 a - a +0 robe (melded)
Talismans
 c - a serpent talisman (active)
Potions
 b - a potion of magic


   Skills:
 + Level 2.7 Dodging
 + Level 2.8 Stealth
 + Level 3.2 Spellcasting
 + Level 4.5 Ice Magic
 + Level 0.2 Shapeshifting


You had 6 spell levels left.
You knew the following spells:

 Your Spells              Type           Power      Damage    Failure   Level
a - Freeze                Ice            80%        1d9       2%          1

Your spell library contained the following spells:

 Spells                   Type           Power      Damage    Failure   Level
 Frozen Ramparts          Ice            40%        1d7       7%          3
 Ozocubu's Armour         Ice            20%        N/A       7%          3
 Necrotise                Necr           12%        1d4       16%         1
 Summon Ice Beast         Ice/Summ       11%        N/A       17%         3


Dungeon Overview and Level Annotations

Branches:
Dungeon (1/15)

Altars:

Shops:
D:1 ?


Message History

You kill the endoplasm!
Okay, then.
Found a faded altar of an unknown god.
You pick up Plato's Treatise on Blasphemous Ceremonies and begin reading...
It was Plato's Treatise on Blasphemous Ceremonies.
You add the spell Necrotise to your library.
There is a faded altar of an unknown god here.
There is a faded altar of an unknown god here.
Found Gestuf's Magic Scroll Emporium.
There is an entrance to Gestuf's Magic Scroll Emporium here.
You open the door.
There is an open door here.
You now have 20 gold pieces (gained 2).
You open the door.
There is an open door here.
You open the door.
There is an open door here.
You now have 30 gold pieces (gained 10).
A goblin comes into view. It is wielding a +0 club.
A goblin is nearby!
The goblin shouts!
The goblin completely misses you.
You hit the goblin. Your grab misses the goblin.
The goblin is heavily wounded.
The goblin closely misses you.
You hit the goblin.
You kill the goblin!
Things that are here:
a +0 club; a goblin corpse As you open the door, it creaks loudly!
There is an open door here.
An endoplasm comes into view.
An endoplasm is nearby!
The endoplasm quivers.
The endoplasm barely misses you.
You hit the endoplasm.
The endoplasm is almost dead.
The endoplasm hits you.
Ouch! That really hurt!
You die...

##############.........#
....# #.........# ###.#
#.........# #.#
#.#####'### #.# #.# #.#
###.# #.# #.# ....# #.#
#.# ##### #.#####.#
#..SJ.#.# #####.#.# #.#
#.#
####################.#
.....................#
######################


You could see an endoplasm.

Vanquished Creatures
  A dart slug (D:1)
  An endoplasm (D:1)
  A giant cockroach (D:1)
  2 hobgoblins (D:1)
  2 ball pythons (D:1)
  A frilled lizard (D:1)
  2 goblins (D:1)
  A rat (D:1)
11 creatures vanquished.

Notes
Turn   | Place    | Note
-------+----------+-------------------------------------------
     0 | D:1      | anacleto the Deep Elf Ice Elementalist began the quest for
                  | the Orb.
     0 | D:1      | Reached XP level 1. HP: 10/10 MP: 6/6
   327 | D:1      | Reached XP level 2. HP: 1/15 MP: 5/8
   479 | D:1      | Found a faded altar of an unknown god.
   482 | D:1      | Got Plato's Treatise on Blasphemous Ceremonies
   536 | D:1      | Found Gestuf's Magic Scroll Emporium.
   761 | D:1      | Slain by an endoplasm

Illustrated notes

Levels and vault maps discovered:
D:1:      scummos_arrival_checkerplants, layout_basic,
          shapermc_ecumenical_altar_rom_forum, serial_shops,
          nicolae_shop_rolled_up

Action                     || total
---------------------------++-------
  Melee: Unarmed           ||     4
         Constrict         ||     1
   Cast: Freeze            ||    13
   Stab: Sleeping          ||     1
 Armour: Robe              ||     3
         Skin              ||     4
  Dodge: Dodged            ||     8
   Form: Serpent           ||     1

Table legend: (Time is in decaauts)
 A = Elapsed time spent in this place.
 B = Non-inter-level travel time spent in this place.
 C = Inter-level travel time spent in this place.
 D = Time resting spent in this place.
 E = Time spent auto-exploring this place.
 F = Levels seen in this place.
 G = Mean time per level.
                   A        B        C        D        E       F      G
               +--------+--------+--------+--------+--------+-----+--------+
         Total |    761 |    761 |      0 |     23 |    636 |   1 |  761.0 |
       Dungeon |    761 |    761 |      0 |     23 |    636 |   1 |  761.0 |
               +--------+--------+--------+--------+--------+-----+--------+

Top non-repeatable levels by time:
     D:1: 761 daAuts
